 Dungeon Crawl Stone Soup version 0.19.0-24-gb05acd6 (webtiles) character file.

222 Miant the Sneak (level 5, -6/38 HPs)
             Began as a Vampire Assassin on Nov 20, 2016.
             Killed by divine providence
             ... invoked by an orc priest
              (10 damage)
             ... on level 3 of the Dungeon on Nov 21, 2016.
             The game lasted 00:31:31 (3223 turns).

Miant the Sneak (Vampire Assassin)                  Turns: 3223, Time: 00:31:34

Health: -6/38      AC:  4    Str: 10      XL:     5   Next: 66%
Magic:  5/5        EV: 13    Int: 13 (14) God:
Gold:   96         SH:  0    Dex: 16      Spells: 0 memorised, 4 levels left

rFire  + . .     SeeInvis +     a - +2 dagger
rCold  x . .     Gourm    .     l - +0 robe
rNeg   + . .     Faith    .     (no shield)
rPois  .         Spirit   .     e - +0 helmet
rElec  .         Reflect  .     d - +0 cloak
rCorr  .         Harm     .     (no gloves)
MR     .....                    (no boots)
Stlth  ++++......               (no amulet)
                                (no ring)
                                f - ring of fire

@: no status effects
A: fangs 3, see invisible, unbreathing
a: Bat Form


You were on level 3 of the Dungeon.
You were not thirsty.

You visited 1 branch of the dungeon, and saw 3 of its levels.

You collected 96 gold pieces.

Inventory:

Hand Weapons
 a - a +2 dagger (weapon)
 b - a +0 blowgun
Missiles
 k - 32 poisoned needles
Armour
 d - a +0 cloak (worn)
 e - a +0 helmet (worn)
 l - a +0 robe (worn)
Jewellery
 f - a ring of fire (left hand)
Scrolls
 c - a scroll of enchant armour {unknown}
 i - a scroll of amnesia
 o - 2 scrolls of remove curse
Potions
 g - 24 potions of blood
 h - a potion of might {unknown}
 j - 2 potions of flight
 m - a potion of haste
 q - a potion of curing {unknown}


   Skills:
 - Level 1.7 Fighting
 * Level 3.1 Short Blades
 + Level 3.5 Throwing
 + Level 2.4 Dodging
 * Level 7.4 Stealth


You had 4 spell levels left.
You didn't know any spells.

Dungeon Overview and Level Annotations

Branches:
Dungeon (3/15)

Altars:
Gozag


Innate Abilities, Weirdness & Mutations

You have razor-sharp teeth.
You have supernaturally acute eyesight. (SInv)
You can survive without breathing.


Message History

A gnoll comes into view.
It is wielding a flail. 2 gnolls come into view.
A gnoll is wielding an antimagic halberd.
You are starting to lose your buoyancy.
The gnoll shouts!
The orc closely misses you.
Found 15 bolts.
You float gracefully downwards.
You closely miss the orc.
The orc is lightly wounded.
You completely miss the orc.
The orc is lightly wounded.
The orc closely misses you.
You hit the orc but do no damage.
The orc is lightly wounded.
The orc hits you.
* * * LOW HITPOINT WARNING * * *
The orc priest invokes the aid of Beogh against you.
Beogh smites you!
You die...

#....# ###....#
##.#....########
.............g.######
.#...o.###....g....
#...#.###.#g######
#.o.#..#..#.# .....
#.oo##...##g#
......##@#####o# ..
...... #...# #o####
.... ###.###....#
...# #))[..##o## ..
#.. #.######.o# #.
#.###)## ##.### .#
#......# #.o.# .<
##...#g########o###.
#.#..o.o..oo.......


You could see an orc priest and 3 orcs.

Vanquished Creatures
  Jessica (D:2)
  An iguana (D:3)
  2 orc wizards (D:3)
  Robin (D:2)
  2 adders
  An ooze (D:3)
  3 dart slugs (D:1)
  A leopard gecko (D:1)
  5 orcs (D:3)
  A giant cockroach (D:1)
  20 goblins
  9 hobgoblins
  7 jackals
  5 kobolds
  A quokka (D:3)
  A ball python (D:2)
  12 bats
  3 frilled lizards
  8 rats (D:1)
84 creatures vanquished.

Notes
Turn   | Place    | Note
-------+----------+-------------------------------------------
     0 | D:1      | Miant the Vampire Assassin began the quest for the Orb.
     0 | D:1      | Reached XP level 1. HP: 16/16 MP: 1/1
    11 | D:1      | Reached skill level 6 in Stealth
    58 | D:1      | Reached XP level 2. HP: 20/22 MP: 2/2
   463 | D:1      | Reached XP level 3. HP: 27/27 MP: 3/3
  1509 | D:2      | Reached XP level 4. HP: 26/33 MP: 4/4
  1712 | D:2      | Noticed Robin
  1863 | D:2      | Reached skill level 7 in Stealth
  1874 | D:2      | Killed Robin
  2078 | D:2      | Found an opulent altar of Gozag.
  2186 | D:2      | Noticed Jessica
  2192 | D:2      | Killed Jessica
  2476 | D:3      | Reached XP level 5. HP: 38/38 MP: 5/5
  3180 | D:3      | HP: 1/38 [orc/whip (4)]
  3223 | D:3      | Killed from afar by an orc priest

Skill      XL: |  1  2  3  4  5 |
---------------+----------------+-----
Stealth        | 6 7 |  7.4
Throwing       | 2 3 |  3.5
Dodging        | 2 |  2.4
Short Blades   | 3 |  3.1
Fighting       | |  1.7

Action                   |  1- 3 |  4- 6 || total
-------------------------+-------+-------++-------
Melee: Dagger            |    55 |   117 ||   172
       Bite              |     5 |     8 ||    13
 Fire: Blowgun           |    54 |    40 ||    94
  Use: Potion            |     1 |     7 ||     8
       Scroll            |       |     2 ||     2
 Stab: Sleeping          |     1 |       ||     1
Armor: Robe              |    10 |    35 ||    45
Dodge: Dodged            |    50 |    84 ||   134
